 Dungeon Crawl Stone Soup version 0.18-a0-943-g2c08dd4 (webtiles) character file.

9902 JokEr the Fighter (level 11, -11/97 (98) HPs)
             Began as a Formicid Fighter on Dec 28, 2015.
             Was a Priest of the Shining One.
             Mangled by a nine-headed hydra (12 damage)
             ... on level 11 of the Dungeon.
             The game lasted 00:28:37 (12196 turns).

JokEr the Fighter (Formicid Fighter)               Turns: 12196, Time: 00:28:37

HP:   -11/97 (98)   AC: 11    Str: 25    XL:     11   Next: 83%
MP:   9/11          EV:  7    Int:  7    God:    the Shining One [***...]
Gold: 628           SH: 16    Dex: 12    Spells: 0 memorised, 10 levels left

rFire  x . .     SeeInvis +     x - +4 long sword (holy)
rCold  + + .     Gourm    .     h - +1 ice dragon armour
rNeg   + . .     Faith    .     c - +0 shield
rPois  .         Spirit   .     (helmet unavailable)
rElec  .         Dismiss  .     (no cloak)
rCorr  .         Reflect  .     (no gloves)
SustAt .         Harm     .     (no boots)
MR     +....                    (no amulet)
Stlth  +.........               A - ring of stealth
                                m - +2 ring of dexterity

@: divine shield, glowing, somewhat resistant to hostile enchantments, very
unstealthy
A: permanent stasis, dig shafts and tunnels, four strong arms, antennae 3
a: Dig, Shaft Self, Divine Shield, Renounce Religion


You were on level 11 of the Dungeon.
You worshipped the Shining One.
The Shining One was most pleased with you.
You were not hungry.

You visited 1 branch of the dungeon, and saw 11 of its levels.

You collected 628 gold pieces.

Inventory:

Hand Weapons
 x - a +4 long sword of holy wrath (weapon)
Missiles
 y - a throwing net (quivered)
Armour
 c - a +0 shield (worn)
 h - a +1 ice dragon armour (worn)
Jewellery
 m - a +2 ring of dexterity (left hand)
 w - an uncursed ring of ice
 A - a ring of stealth (right hand)
 B - an uncursed ring of magical power {unknown}
Wands
 d - a wand of paralysis (9/24)
 o - a wand of fireball (14/15)
 s - a wand of flame (18/48)
Scrolls
 g - 2 scrolls of amnesia
 k - 3 scrolls of remove curse
 t - 2 scrolls of recharging
Potions
 b - a potion of experience {unknown}
 e - 3 potions of mutation
 i - a potion of cancellation {unknown}
 l - a potion of poison {unknown}
 n - 3 potions of agility {unknown}
 p - 5 potions of curing
 q - a potion of heal wounds {unknown}
 r - a potion of haste {unknown}
 u - 3 potions of brilliance {unknown}
 z - a potion of cure mutation {unknown}
 E - 2 potions of lignification {unknown}
 G - 2 potions of magic {unknown}
Books
 C - a book of Debilitation

   Spells                             Type                      Level
   a - Corona                         Hexes                        1
   b - Slow                           Hexes                        2
   c - Gell's Gravitas                Hexes/Translocation          3
   d - Inner Flame                    Hexes/Fire                   3
   e - Cause Fear                     Hexes                        4
   f - Leda's Liquefaction            Hexes/Earth                  4
Comestibles
 a - 3 chunks of flesh
 f - 7 bread rations
 j - 4 meat rations
 v - a beef jerky
 D - 2 slices of pizza
 F - 2 royal jellies


   Skills:
 + Level 13.6 Fighting
 + Level 12.5 Long Blades
 - Level 3.2 Armour
 - Level 3.6 Shields


You had 10 spell levels left.
You didn't know any spells.

Dungeon Overview and Level Annotations

Branches:
Dungeon (11/15)            Temple (0/1) D:4             Orc (0/2) D:9
   Lair: D:8-11

Altars:
Ashenzari
Elyvilon
Kikubaaqudgha
Sif Muna
Trog
Vehumet
Yredelemnul
The Shining One

Shops:
D:6 (


Innate Abilities, Weirdness & Mutations

You are under a permanent stasis effect.
You can dig through walls and to a lower floor.
Your four strong arms can wield two-handed weapons with a shield.
You have a pair of large antennae on your head (SInv).


Message History

You block the nine-headed hydra's attack. x2
The nine-headed hydra bites you.
You block the nine-headed hydra's attack. x2
The nine-headed hydra bites you! The nine-headed hydra bites you.
* * * LOW HITPOINT WARNING * * *
The nine-headed hydra bites you.
* * * LOW HITPOINT WARNING * * *
You begin to dig a shaft.
You continue digging a shaft.
You block the nine-headed hydra's attack.
The nine-headed hydra bites you!
* * * LOW HITPOINT WARNING * * *
You block the nine-headed hydra's attack.
The nine-headed hydra bites you.
* * * LOW HITPOINT WARNING * * *
The nine-headed hydra barely misses you.
The nine-headed hydra bites you!
* * * LOW HITPOINT WARNING * * *
The nine-headed hydra bites you but does no damage.
The nine-headed hydra bites you!
You die...

### ..# ####.# ##
#..#.# .. ..#.#
#. #.#.#
..##..##.#.######
.....xD@........#
.##############.#
##.# #..# #.## {
#.# #.# ###.####
#.(....#


You could see a nine-headed hydra and an unseen horror (invisible).

Vanquished Creatures
  A centaur warrior (D:10)
  The ghost of stickyfingers the Basher, a novice MiSu of Pakellas (D:9)
  3 hill giants
  Joseph (D:8)
  A shadow (D:11)
  9 yaks
  A hippogriff (D:7)
  A hungry ghost (D:7)
  2 water moccasins
  A phantom (D:11)
  2 sky beasts
  5 orc warriors
  A black bear (D:6)
  2 wasps (D:11)
  An eye of draining (D:8)
  2 centaurs
  An ice beast (D:6)
  7 ogres
  4 giant frogs
  A wyvern skeleton (D:10)
  2 scorpions
  3 wights (D:8)
  14 killer bees
  2 jellies
  A wasp zombie (D:10)
  4 crimson imps
  9 hounds
  4 orc priests
  2 giant frog zombies
  4 centaur skeletons
  Jessica (D:3)
  3 giant frog skeletons
  Natasha (twice) (D:3)
  Terence (D:3)
  11 orc wizards
  7 worker ants
  2 hound skeletons (D:6)
  7 gnolls
  6 adders
  8 river rats
  6 shadow imps
  An ooze (D:1)
  5 adder skeletons
  An adder zombie (D:9)
  3 worms
  7 giant geckos
  41 orcs
  7 giant cockroaches
  10 goblins
  10 hobgoblins
  16 jackals
  3 quokkas
  A ball python (D:1)
  17 bats
  A giant gecko skeleton (D:4)
  2 giant newts
  14 kobolds
  34 rats
319 creatures vanquished.

Notes
Turn   | Place    | Note
--------------------------------------------------------------
     0 | D:1      | JokEr the Formicid Fighter began the quest for the Orb.
     0 | D:1      | Reached XP level 1. HP: 18/18 MP: 1/1
   207 | D:1      | Reached XP level 2. HP: 22/24 MP: 2/2
   366 | D:1      | Reached XP level 3. HP: 30/30 MP: 3/3
   782 | D:2      | Found a faded altar to an unknown god.
   819 | D:2      | Reached skill level 4 in Fighting
  1036 | D:2      | Reached XP level 4. HP: 33/37 MP: 4/4
  1376 | D:2      | Found a bloodstained altar of Trog.
  1376 | D:2      | Found a white marble altar of Elyvilon.
  1377 | D:2      | Found an ancient bone altar of Kikubaaqudgha.
  1870 | D:3      | Reached XP level 5. HP: 35/43 MP: 5/5
  1910 | D:3      | Found a basalt altar of Yredelemnul.
  1936 | D:3      | Found a glowing golden altar of the Shining One.
  1940 | D:3      | Noticed a profane servitor
  2176 | D:3      | Noticed an angel
  2292 | D:3      | Noticed Jessica
  2312 | D:3      | Killed Jessica
  2480 | D:3      | Noticed Natasha
  2484 | D:3      | Killed Natasha
  2484 | D:3      | Reached skill level 5 in Fighting
  2713 | D:3      | Found a radiant altar of Vehumet.
  2755 | D:3      | Noticed Natasha
  2769 | D:3      | Killed Natasha
  2822 | D:3      | Became a worshipper of the Shining One
  2999 | D:3      | Noticed Terence
  3004 | D:3      | Killed Terence
  3004 | D:3      | Reached XP level 6. HP: 50/50 MP: 6/6
  3157 | D:4      | Found a staircase to the Ecumenical Temple.
  3709 | D:4      | Reached skill level 5 in Long Blades
  3940 | D:4      | Reached skill level 6 in Fighting
  3940 | D:4      | Reached XP level 7. HP: 53/57 MP: 7/7
  4186 | D:5      | Entered Level 5 of the Dungeon
  4198 | D:5      | Reached * piety under the Shining One
  4706 | D:5      | Reached skill level 7 in Fighting
  4706 | D:5      | Reached XP level 8. HP: 42/66 MP: 8/8
  4811 | D:5      | Found a deep blue altar of Sif Muna.
  5117 | D:6      | You fall through a shaft for 2 floors!
  5567 | D:8      | Reached skill level 8 in Fighting
  5608 | D:8      | Noticed Joseph
  5655 | D:8      | Killed Joseph
  5655 | D:8      | Reached XP level 9. HP: 55/74 MP: 9/9
  5899 | D:7      | Reached skill level 9 in Fighting
  6296 | D:7      | Reached ** piety under the Shining One
  6566 | D:6      | Reached skill level 10 in Fighting
  6795 | D:6      | Found a shattered altar of Ashenzari.
  7431 | D:6      | Found Wucs's Weapon Boutique.
  7688 | D:7      | Reached XP level 10. HP: 85/85 MP: 10/10
  8113 | D:8      | Reached skill level 11 in Fighting
  8308 | D:8      | Reached skill level 10 in Long Blades
  9297 | D:9      | Identified a scroll of acquirement
  9331 | D:9      | Noticed stickyfingers's ghost (novice MiSu)
  9353 | D:9      | Killed stickyfingers's ghost
  9933 | D:9      | The Shining One protects you from harm!
  9934 | D:9      | HP: 2/88 [orc warrior/halberd (13)]
  9939 | D:9      | Reached skill level 12 in Fighting
 10351 | D:9      | Found a staircase to the Orcish Mines.
 10564 | D:9      | Reached *** piety under the Shining One
 10579 | D:9      | Reached XP level 11. HP: 81/94 MP: 11/11
 10670 | D:10     | Entered Level 10 of the Dungeon
 10670 | D:10     | Noticed a centaur warrior
 10670 | D:10     | Noticed a hill giant
 10712 | D:10     | Noticed a hill giant
 10722 | D:9      | Killed a hill giant
 10926 | D:10     | Found an ancient bone altar of Kikubaaqudgha.
 11052 | D:10     | Killed a centaur warrior
 11052 | D:10     | Reached skill level 13 in Fighting
 11294 | D:10     | Killed a hill giant
 12148 | D:11     | Noticed a hill giant
 12153 | D:11     | Killed a hill giant
 12185 | D:11     | Noticed a six-headed hydra
 12188 | D:11     | Noticed an unseen horror
 12196 | D:11     | HP: 1/97 [nine-headed hydra (7)]
 12196 | D:11     | Mangled by a nine-headed hydra

Vault maps used:
D:1:      dpeg_arrival_circle_labyrinth_c
D:2:      gammafunk_temple_overflow_claw, ecumenical_altar_2
D:3:      grunt_temple_overflow_holy_war, vehumet_altar_wand_db, first_bread,
          minmay_misc_feat_ornament, uniq_natasha, uniq_terence, uniq_jessica
D:4:      temple_green, dk_rats_in_the_wall
D:5:      lemuel_blue_sif_altar
D:6:      corexii_shack_village, cheibrodos_ashenzari_chains, serial_shops,
          kennysheep_little_box
D:8:      uniq_joseph
D:9:      hiddenorc1_lemuel
D:10:     basic_altar
D:11:     minmay_goldmine, grunt_lair_entry_orc_guard_hut, uniq_sonja

Action                   |  1- 3 |  4- 6 |  7- 9 | 10-12 || total
-------------------------+-------+-------+-------+-------++-------
Melee: Long sword        |    99 |   262 |   371 |   263 ||   995
       Scimitar          |       |       |       |   159 ||   159
Throw: Throwing net      |       |       |       |     1 ||     1
Invok: Divine Shield     |       |       |       |     6 ||     6
 Abil: Dig               |     1 |     1 |     4 |     2 ||     8
       Shaft Self        |       |       |     1 |     1 ||     2
  Use: Scroll            |     1 |     6 |     5 |    10 ||    22
       Potion            |       |     1 |       |       ||     1
 Stab: Held in net/web   |       |       |       |     1 ||     1
  Eat: Chunk             |     1 |     5 |     4 |     8 ||    18
       Bread ration      |       |     1 |     2 |     2 ||     5
       Pizza             |       |       |     1 |       ||     1
       Beef jerky        |       |       |     1 |       ||     1
